Map: Blackpink LE

Players

Bunny - Winner!

  • Race: Terran Terran
  • Spawn Location: 7:00

Arctur

  • Race: Terran Terran
  • Spawn Location: 1:00

Event: IEM Season 12 - Katowice

VOD

Have the link to the VOD?

Description

Time

  • Played on: Feb. 27, 2018, 4:09 a.m.
  • Length: 9:26

All games in this series

Show
View Real Time Build Order
Export as new Build Order

Bunny Terran - Winner!

Build Orders: Reaper Expand, MMM Bio 

Get SALT Encoding   

  12  0:00  SCV  
  13  0:12  SCV  
  14  0:17  Supply Depot  
  14  0:24  SCV  
  15  0:38  SCV  
  15  0:41  Barracks  
  16  0:44  Refinery  
  16  0:50  SCV  
  17  1:02  SCV  
  18  1:15  SCV  
  19  1:27  Reaper, Orbital Command  
  20  1:42  Command Center  
  20  1:53  Supply Depot, SCV  
  21  1:59  Reaper  
  22  2:05  SCV  
  22  2:08  Refinery  
  23  2:17  SCV  
  24  2:24  Factory  
  24  2:29  SCV  
  25  2:37  Barracks Reactor  
  25  2:41  SCV  
  26  2:53  SCV, Orbital Command  
  27  3:05  SCV  
  27  3:08  Cyclone  
  31  3:13  Marine x2  
  31  3:17  SCV  
  33  3:30  SCV  
  33  3:31  SCV, Marine x2  
  36  3:38  Engineering Bay, Starport  
  36  3:40  Cyclone  
  39  3:43  SCV x2  
  41  3:50  Marine x2  
  41  3:55  SCV x2  
  45  3:57  Supply Depot  
  45  4:04  Missile Turret  
  45  4:06  Missile Turret  
  45  4:07  SCV  
  46  4:18  Viking, SCV, Marine x2, Factory Tech Lab  
  51  4:25  SCV  
  51  4:26  Supply Depot  
  51  4:31  SCV  
  52  4:37  SCV, Marine  
  54  4:40  Supply Depot  
  54  4:47  Marine  
  54  4:48  SCV, Siege Tank  
  54  4:50  Viking  
  54  4:51  SCV  
  62  5:02  SCV  
  62  5:04  SCV  
  59  5:14  SCV  
  59  5:17  SCV  
  59  5:20  Siege Tank, Barracks, Refinery x2  
  64  5:21  Barracks  
  64  5:22  Supply Depot, Terran Infantry Weapons Level 1  
  64  5:25  Barracks Tech Lab  
  64  5:26  SCV  
  65  5:30  SCV  
  65  5:32  Starport Reactor, Supply Depot  
  66  5:38  SCV  
  67  5:44  Marine  
  67  5:46  Stimpack  
  68  5:53  SCV x2  
  68  5:55  Barracks  
  69  5:57  Barracks  
  69  5:59  Siege Tank  
  69  6:02  Marine  
  73  6:04  Supply Depot x2  
  73  6:08  Barracks Reactor  
  73  6:10  Marine x2  
  75  6:13  SCV x2  
  75  6:15  Medivac  
  79  6:19  Marine  
  79  6:24  Medivac  
  82  6:28  Marine x2  
  82  6:32  Siege Tank  
  87  6:37  Marine  
  88  6:40  Supply Depot, Command Center  
  88  6:44  Missile Turret  
  88  6:46  Marine x2  
  90  6:47  Barracks Reactor x2  
  90  6:48  Missile Turret  
  90  6:50  Marine x2  
  90  6:54  Medivac  
  94  6:55  Marine  
  94  7:04  Marine x2  
  94  7:05  Siege Tank  
  94  7:08  Marine x2  
  99  7:13  Medivac  
  103  7:18  Marine  
  103  7:22  Marine x2  
  106  7:26  Marine x5  
  110  7:32  Supply Depot, Terran Infantry Armor Level 1  
  110  7:33  Supply Depot  
  110  7:39  Marine  
  110  7:46  Combat Shields  
  110  7:49  Supply Depot x2  
  110  7:51  Marine x3, Medivac  
  110  7:52  Siege Tank  
  118  8:03  Marine x3  
  108  8:15  Marine  
  108  8:19  Marine x5  
  106  8:20  Medivac  
  106  8:25  Siege Tank  
  103  8:29  Marine x3  
  103  8:33  Marine  
  105  8:36  Orbital Command  
  105  8:37  Marine x3  
  105  8:40  Refinery  
  105  8:41  Refinery  
  108  8:42  Marine  
  108  8:43  Supply Depot  
  108  8:47  Medivac  
  111  8:49  SCV x2  
  111  8:53  Marine  
  111  8:54  Marine  
  111  8:55  Medivac  
  116  8:56  Marine x4  
  116  8:57  Marine x2  
  116  9:00  Marine  
Show
View Real Time Build Order
Export as new Build Order

Arctur Terran 

Build Orders: 1/1/1, Bio Tank 

Get SALT Encoding   

  12  0:00  SCV  
  13  0:12  SCV  
  14  0:17  Supply Depot  
  14  0:24  SCV  
  14  0:28  Refinery  
  15  0:39  SCV  
  16  0:44  Barracks  
  16  0:51  SCV  
  16  0:55  Refinery  
  17  1:03  SCV  
  18  1:15  SCV  
  19  1:31  Reaper, Orbital Command  
  20  1:35  Factory  
  20  1:47  Supply Depot  
  20  1:57  SCV  
  21  2:03  Reaper  
  22  2:09  SCV  
  23  2:19  Hellion, Starport  
  23  2:22  SCV  
  26  2:31  Supply Depot  
  26  2:34  SCV  
  27  2:40  Hellion, Barracks Tech Lab  
  29  2:46  SCV  
  30  3:02  Hellion  
  32  3:05  Raven  
  33  3:32  Command Center  
  32  3:36  Barracks Reactor  
  32  3:38  Factory Tech Lab  
  32  3:48  Viking  
  32  3:49  SCV  
  35  3:58  Supply Depot  
  35  4:01  SCV  
  36  4:04  Siege Tank  
  39  4:20  SCV  
  40  4:32  SCV  
  40  4:34  Starport Reactor  
  40  4:35  Barracks  
  40  4:36  Siege Tank  
  40  4:37  Barracks  
  42  4:44  Stimpack, Marine  
  43  4:45  Orbital Command  
  43  4:46  SCV  
  44  4:55  Engineering Bay  
  44  4:58  SCV  
  45  5:01  Refinery  
  36  5:15  SCV  
  36  5:16  SCV  
  36  5:18  Siege Tank  
  36  5:20  Terran Infantry Weapons Level 1  
  41  5:27  Starport Reactor, SCV  
  41  5:28  SCV  
  43  5:31  Marine x2  
  45  5:37  Marine x2  
  45  5:39  SCV  
  45  5:40  SCV  
  49  5:51  SCV, Siege Tank  
  49  5:52  SCV  
  54  5:58  Supply Depot  
  54  6:00  Marine x3  
  54  6:04  SCV x2  
  58  6:05  Supply Depot  
  58  6:08  Medivac  
  61  6:11  Marine  
  62  6:19  Marine  
  62  6:20  SCV x2, Marine, Medivac  
  68  6:26  Siege Tank  
  68  6:27  Supply Depot  
  68  6:28  Marine x2  
  73  6:36  SCV x2  
  75  6:43  Marine x2  
  75  6:44  Combat Shields  
  75  6:45  Marine  
  78  6:48  Marine  
  78  6:53  Marine  
  79  6:56  SCV x2  
  79  7:00  Marine  
  82  7:08  Supply Depot  
  82  7:09  Command Center  
  82  7:14  Siege Tank  
  85  7:22  Marine  
  85  7:26  Barracks  
  85  7:29  Barracks  
  86  7:30  Marine x3  
  86  7:32  Marine  
  86  7:36  Refinery  
  88  7:40  Supply Depot, Marine  
  89  7:47  Marine x2  
  89  7:49  Marine  
  89  7:50  Siege Tank, Marine  
  87  7:56  SCV  
  87  7:58  Marine  
  89  8:05  Marine x2  
  80  8:07  Marine  
  80  8:08  SCV, Marine  
  82  8:16  Marine  
  72  8:21  SCV  
  72  8:23  Marine x2  
  72  8:24  Marine  
  69  8:27  Marine  
  69  8:29  Siege Tank  
  69  8:33  Marine  
  63  8:40  Marine  
  63  8:41  Marine x2  
  64  8:42  Marine, Medivac  
  64  8:47  Medivac  
  64  8:55  Orbital Command  
  64  9:00  SCV  
  64  9:05  Marine  
  63  9:12  SCV  

Tags
 
Add a new tag
Caveats
  • Supply blocks, unpowered buildings, or Contaminate may cause inaccurate times.
  • Supply counts are checked every 10 seconds.